 Dungeon Crawl Stone Soup version 0.17-a0-1946-gfb768fe (webtiles) character file.

104 Ajdolov the Conjurer (level 4, -5/30 HPs)
             Began as a Mummy Wizard on Oct 1, 2015.
             Slain by Grinder (6 damage)
             ... on level 3 of the Dungeon.
             The game lasted 00:09:40 (2923 turns).

Ajdolov the Conjurer (Mummy Wizard)                 Turns: 2923, Time: 00:09:40

Health: -5/30      AC:  2    Str: 10    XL:     4   Next: 52%
Magic:  6/8        EV:  7    Int: 18    God:
Gold:   142        SH:  0    Dex: 10    Spells: 4 memorised, 0 levels left

rFire  x . .     SeeInvis .     m - +0 rapier
rCold  + . .     Clarity  .     a - +0 robe
rNeg   + + +     SustAt   .     (no shield)
rPois  ∞         Gourm    .     b - +0 hat
rElec  .         Spirit   .     (no cloak)
rCorr  .         Warding  .     (no gloves)
rMut   .         Stasis   .     (no boots)
MR     .....                    (no amulet)
Stlth  ++........               (no ring)
                                (no ring)

@: very slightly contaminated, not resistant to hostile enchantments, unstealthy
A: no food or potions, fire vulnerability, cold resistance 1, negative energy
resistance 3, torment resistance, unbreathing
a: no special abilities


You were on level 3 of the Dungeon.
You were not hungry.

You visited 1 branch of the dungeon, and saw 3 of its levels.

You collected 142 gold pieces.

Inventory:

Hand weapons
 m - a +0 rapier (weapon)
Missiles
 e - 13 poisoned needles
Armour
 a - a +0 robe (worn)
 b - a +0 hat (worn)
Jewellery
 l - an uncursed amulet of faith
Scrolls
 d - a scroll of enchant armour {unknown}
 f - 2 scrolls of remove curse
 g - 2 scrolls of teleportation {unknown}
 h - a scroll of recharging {unknown}
 i - a scroll of identify {unknown}
 j - a scroll of magic mapping {unknown}
 k - a scroll of random uselessness {unknown}
Books
 c - a book of Minor Magic

   Spells                             Type                      Level
   a - Magic Dart                     Conjuration                  1
   b - Blink                          Translocation                2
   c - Call Imp                       Summoning                    2
   d - Repel Missiles                 Charms/Air                   2
   e - Slow                           Hexes                        2
   f - Conjure Flame                  Conjuration/Fire             3
   g - Mephitic Cloud                 Conjuration/Poison/Air       3
 n - a book of Maledictions

   Spells                             Type                      Level
   a - Corona                         Hexes                        1
   b - Ensorcelled Hibernation        Hexes/Ice                    2
   c - Confuse                        Hexes                        3
   d - Tukima's Dance                 Hexes                        3
   e - Dazzling Spray                 Conjuration/Hexes            3


   Skills:
 - Level 1.5 Dodging
 - Level 1.5 Stealth
 - Level 3.0 Spellcasting
 + Level 3.6 Conjurations
   Level 0.7 Summonings
 - Level 0.7 Translocations


You couldn't memorise any spells.
You knew the following spells:

 Your Spells              Type           Power        Failure   Level  Hunger
a - Magic Dart            Conj           ###.         4%          1    N/A
b - Conjure Flame         Conj/Fire      #.......     24%         3    N/A
c - Mephitic Cloud        Conj/Pois/Air  #.......     34%         3    N/A
d - Blink                 Tloc           N/A          21%         2    N/A

Dungeon Overview and Level Annotations

Branches:
Dungeon (3/15)

Altars:
Dithmenos
Zin

Annotations:
D:2 Ijyb
D:3 Grinder


Innate Abilities, Weirdness & Mutations

You do not eat or drink.
Your flesh is vulnerable to fire.
You are immune to poison.
Your flesh is cold resistant.
You are immune to negative energy.
You are immune to unholy pain and torment.
You can survive without breathing.


Message History

You miscast Conjure Flame.
You are very lightly contaminated with residual magic.
Sparks fly from your hands! Grinder gestures at you.
You suddenly lose the ability to move!
Grinder gestures at you. You resist with significant effort.
Grinder gestures at you.
You are unaffected.
Grinder hits you but does no damage. Grinder hits you.
* * * LOW HITPOINT WARNING * * *
Grinder hits you!
* * * LOW HITPOINT WARNING * * *
You can move again.
Items here: )) [ † a flail; a ring mail; a club; an orc corpse
There is a stone staircase leading up here.
Grinder hits you.
You die...

## .# .# .# ####.#
.....# .#####
.#################
#..............5@#
#.################
#.# #.# #.# #5#
#.# #.#


You could see Grinder.

Vanquished Creatures
  4 adders
  2 oozes
  3 giant geckos
  5 orcs
  5 bats
  2 giant cockroaches (D:2)
  6 hobgoblins
  A ball python (D:2)
  5 giant newts
  6 goblins
  8 kobolds
  4 rats
51 creatures vanquished.

Notes
Turn   | Place    | Note
--------------------------------------------------------------
     0 | D:1      | Ajdolov the Mummy Wizard began the quest for the Orb.
     0 | D:1      | Reached XP level 1. HP: 13/13 MP: 4/4
    68 | D:1      | Reached skill level 1 in Conjurations
   197 | D:1      | You fall through a shaft!
   206 | D:2      | Reached XP level 2. HP: 8/19 MP: 0/6
   396 | D:2      | Found a shadowy altar of Dithmenos.
   809 | D:1      | Reached XP level 3. HP: 24/24 MP: 4/7
   814 | D:1      | Learned a level 3 spell: Conjure Flame
   818 | D:1      | Learned a level 3 spell: Mephitic Cloud
  1594 | D:2      | Noticed Ijyb
  1905 | D:2      | Reached XP level 4. HP: 26/30 MP: 3/8
  2542 | D:2      | Found a glowing silver altar of Zin.
  2593 | D:3      | Learned a level 2 spell: Blink
  2632 | D:3      | Noticed Grinder
  2766 | D:3      | Paralysed by Grinder for 4 turns
  2881 | D:3      | Paralysed by Grinder for 6 turns
  2890 | D:3      | Paralysed by Grinder for 6 turns
  2902 | D:3      | Paralysed by Grinder for 6 turns
  2914 | D:3      | Paralysed by Grinder for 7 turns
  2920 | D:3      | HP: 1/30 [Grinder (8)]
  2923 | D:3      | Slain by Grinder

Vault maps used:
D:1:      minmay_arrival_doors
D:2:      nicolae_overflow_crystal_walls, nicolae_overflow_hidden_temple,
          guppyfry_early_orc_mine, uniq_iyjb
D:3:      ecumenical_altar_2, uniq_grinder

Action                   |  1- 3 |  4- 6 || total
-------------------------+-------+-------++-------
Melee: Short sword       |    25 |       ||    25
       Dagger            |    34 |    18 ||    52
       Rapier            |       |    20 ||    20
 Cast: Magic Dart        |    80 |    11 ||    91
       Mephitic Cloud    |     4 |     3 ||     7
       Conjure Flame     |     3 |       ||     3
  Use: Scroll            |     1 |       ||     1
 Stab: Confused          |     1 |       ||     1
       Sleeping          |       |     1 ||     1
